 Dungeon Crawl Stone Soup version 0.30-a0-1066-g63dfefce0d (webtiles) character file.

Game seed: 6955317198322950787

258 dracfodder the Cudgeller (level 5, -1/48 HPs)
             Began as an Armataur Berserker on Apr 12, 2023.
             Was a Believer of Trog.
             Slain by a kobold brigand
             ... wielding a +0 whip
              (5 damage)
             ... in a sewer.
             The game lasted 00:13:45 (3100 turns).

dracfodder the Cudgeller (Armataur Berserker)       Turns: 3100, Time: 00:13:45

Health: -1/48      AC: 10    Str: 25    XL:     5   Next: 94%
Magic:  5/5        EV:  5    Int:  7    God:    Trog [**....]
Gold:   83         SH:  0    Dex:  9    Spells: 4/4 levels left

rFire   . . .      SeeInvis .    c - +0 bardiche
rCold   . . .      Faith    .    (shield currently unavailable)
rNeg    . . .      Spirit   .    e - +1 plate armour
rPois   .          Reflect  .    (no helmet)
rElec   .          Roll     +    (no cloak)
rCorr   +                        (no gloves)
Will    .....                    (no barding) Stlth
                                 (no amulet)
HPRegen 0.28/turn                n - ring of resist corrosion
MPRegen 0.09/turn                (no ring)

@: no status effects
A: large, rugged brown scales 3, deformed body, armoured tail, roll, long
tongue, awkward tongue
a: Renounce Religion, Berserk, Trog's Hand


You were in a sewer.
You worshipped Trog.
Trog was pleased with you.
You visited 1 branch of the dungeon, and saw 3 of its levels.
You also visited: Sewer.

You collected 83 gold pieces.

Inventory:

Hand Weapons
 a - a +1 mace
 c - a +0 bardiche (weapon)
Missiles
 f - 6 boomerangs (quivered)
Armour
 e - a +1 plate armour (worn)
Jewellery
 n - a ring of resist corrosion (left hand)
Scrolls
 d - 3 scrolls of blinking {unknown}
 i - a scroll of identify
Potions
 b - 2 potions of flight
 g - a potion of degeneration {unknown}
 h - 2 potions of might {unknown}
 j - 3 potions of curing {unknown}
 k - a potion of haste {unknown}
 l - a potion of heal wounds


   Skills:
 + Level 3.6 Fighting
 + Level 4.5 Maces & Flails
 * Level 0.4 Polearms
 + Level 0.6 Throwing
 + Level 3.5 Armour
 + Level 1.6 Dodging
 + Level 0.1 Stealth
 * Level 1.3 Unarmed Combat


You had 4 spell levels left.
You didn't know any spells.
Your spell library was empty.

Dungeon Overview and Level Annotations

Branches:
Dungeon (3/15)              Sewer (1/1)

Altars:


Innate Abilities, Weirdness & Mutations

You are completely covered in rugged brown scales. (AC +3, +7% HP)
Armour fits poorly on your strangely shaped body.
You have a long armoured tail.
You roll when moving toward enemies. (Rampage)
Your long tongue fully drains potion bottles. (2x potion effects)
Your tongue gives you trouble enunciating. (1.5x scroll delay)


Message History

The kobold brigand is moderately wounded.
You feel sick.
The kobold brigand hits you but does no damage.
The kobold brigand splashes around in the water.
You completely miss the kobold brigand.
The kobold brigand is moderately wounded.
You feel sick.
The kobold brigand hits you but does no damage.
You closely miss the kobold brigand.
The kobold brigand is moderately wounded.
You feel sick.
You are no longer poisoned.
The kobold brigand hits you with a +0 whip!
* * * LOW HITPOINT WARNING * * *
The kobold brigand hits you with a +0 whip.
* * * LOW HITPOINT WARNING * * *
You barely miss the kobold brigand.
Your tail-slap misses the kobold brigand.
The kobold brigand is moderately wounded.
The kobold brigand splashes around in the water.
The kobold brigand hits you but does no damage.
You miss the kobold brigand.
The kobold brigand is moderately wounded.
The kobold brigand hits you but does no damage.
The kobold brigand splashes around in the water.
You barely miss the kobold brigand.
Your tail-slap misses the kobold brigand.
The kobold brigand is moderately wounded.
The kobold brigand hits you but does no damage.
The kobold brigand hits you with a +0 whip.
* * * LOW HITPOINT WARNING * * *
You closely miss the kobold brigand.
The kobold brigand is moderately wounded.
The kobold brigand splashes around in the water.
The kobold brigand hits you but does no damage.
You closely miss the kobold brigand. You tail-slap the kobold brigand.
The kobold brigand is moderately wounded.
The kobold brigand splashes around in the water.
The kobold brigand hits you with a +0 whip.
You die...

≈≈≈≈....~~~.....~
#####...~..~.~.PP
≈≈≈≈≈~..~~~..~#~#
≈≈≈≈≈~P.~~..~.#~#
≈≈≈≈≈~~...~..~#~#
≈≈≈≈≈≈~~P.~..~#~#
≈≈≈≈≈≈~....~~~#~.
PP.############.÷P~~~#~#
.P.~~~K@~~~~~~~PP~~~.#~#
~~.############..~~.~#~#
≈≈≈≈≈≈~~..~~~~#~#
≈≈≈≈≈≈........~~.
≈≈≈≈≈≈.~.~..#####
≈≈≈≈≈≈≈≈~.~P~~~~~
≈≈≈≈≈≈≈≈≈≈.~#####
≈≈≈≈≈≈≈≈≈≈≈≈≈≈
≈≈≈≈≈≈≈≈≈≈≈≈≈≈≈


You could see a kobold brigand.

Vanquished Creatures
  An orc priest (D:3)
  Natasha (thrice) (D:2)
  6 adders
  3 river rats (Sewer)
  A worm (D:2)
  3 orcs (D:3)
  2 bat zombies (D:3)
  7 endoplasms
  3 giant cockroaches (D:1)
  3 goblins (D:1)
  6 hobgoblins
  6 jackals
  7 kobolds
  A quokka (D:2)
  7 ball pythons
  A bat (D:2)
  4 frilled lizards
  7 rats
71 creatures vanquished.

Vanquished Creatures (others)
  5 plants (Sewer)
5 creatures vanquished.

Grand Total: 76 creatures vanquished

Notes
Turn   | Place    | Note
-------+----------+-------------------------------------------
     0 | D:1      | dracfodder the Armataur Berserker began the quest for the
                  | Orb.
     0 | D:1      | Reached XP level 1. HP: 19/19 MP: 1/1
   183 | D:1      | Reached XP level 2. HP: 22/26 MP: 2/2
   208 | D:1      | Reached skill level 3 in Maces & Flails
   221 | D:1      | You fall into a shaft and drop 1 floor!
   614 | D:1      | Reached XP level 3. HP: 33/33 MP: 3/3
   999 | D:1      | Reached ** piety under Trog
  1589 | D:2      | Reached XP level 4. HP: 10/40 MP: 4/4
  1862 | D:2      | Reached skill level 4 in Maces & Flails
  1973 | D:2      | Noticed Natasha
  1987 | D:2      | Killed Natasha
  2278 | D:2      | Noticed Natasha
  2286 | D:2      | Killed Natasha
  2287 | D:2      | Reached XP level 5. HP: 45/48 MP: 5/5
  2366 | D:2      | Noticed Natasha
  2374 | D:2      | Killed Natasha
  2559 | D:3      | Reached skill level 1 in Unarmed Combat
  2620 | D:3      | Found a glowing drain.
  2625 | Sewer    | Entered a sewer
  3100 | Sewer    | Slain by a kobold brigand

Illustrated notes

Levels and vault maps discovered:
D:1:      kennysheep_arrival_seaside, layout_loops_ring
D:2:      layout_loops_corners, uniq_natasha
D:3:      layout_loops_cross, lemuel_zombie_altar_kikubaaqudgha,
          gup_sewer_entry_bowl, uniq_terence
Sewer:    sewer_co_scattered_pipes

Skill      XL: |  1  2  3  4  5 |
---------------+----------------+-----
Maces & Flails | 3 4 |  4.5
Fighting       | 3 |  3.6
Armour         | 3 |  3.5
Unarmed Combat | 1 |  1.3
Polearms       | |  0.4
Throwing       | |  0.6
Dodging        | |  1.6
Stealth        | |  0.1

Action                     |  1- 3 |  4- 6 || total
---------------------------+-------+-------++-------
  Melee: Mace              |   156 |    31 ||   187
         Tailslap          |     6 |    11 ||    17
         Bardiche          |       |   103 ||   103
  Throw: Dart              |       |    28 ||    28
         Boomerang         |       |     1 ||     1
 Invoke: Berserk           |     2 |     3 ||     5
    Use: Scroll            |     4 |     2 ||     6
 Armour: Animal skin       |    20 |       ||    20
         Plate armour      |    91 |   206 ||   297
  Dodge: Dodged            |    37 |    87 ||   124

Table legend: (Time is in decaauts)
 A = Elapsed time spent in this place.
 B = Non-inter-level travel time spent in this place.
 C = Inter-level travel time spent in this place.
 D = Time resting spent in this place.
 E = Time spent auto-exploring this place.
 F = Levels seen in this place.
 G = Mean time per level.
                   A        B        C        D        E       F      G
               +--------+--------+--------+--------+--------+-----+--------+
         Total |   3281 |   3164 |    117 |    779 |   1553 |   4 |  820.2 |
       Dungeon |   2752 |   2635 |    117 |    550 |   1422 |   3 |  917.3 |
         Sewer |    529 |    529 |      0 |    229 |    131 |   1 |  529.0 |
               +--------+--------+--------+--------+--------+-----+--------+

Top non-repeatable levels by time:
     D:2: 1534 daAuts
     D:1: 992 daAuts
   Sewer: 529 daAuts
     D:3: 225 daAuts
